 Dungeon Crawl Stone Soup version 0.25-a0-576-g50b708a4c4 (webtiles) character file.

Game seed: 16978881931588057461, levelgen mode: deterministic

307585 Flugslaktarn the Tortoise (level 19, -6/195 HPs)
             Began as a Deep Dwarf Fighter on Mar 1, 2020.
             Was the Champion of Makhleb.
             Killed from afar by a golden dragon (23 damage)
             ... with a bolt of cold
             ... on level 1 of the Realm of Zot.
             The game lasted 00:21:32 (21356 turns).

Flugslaktarn the Tortoise (Deep Dwarf Fighter)     Turns: 21356, Time: 00:21:32

Health: -6/195     AC: 34    Str: 32    XL:     19   Next: 94%
Magic:  7/7        EV:  7    Int: 10    God:    Makhleb [******]
Gold:   2359       SH: 15    Dex: 15    Spells: 18/18 levels left

rFire    + + +     SeeInvis .   a - +3 broad axe (flame)
rCold    + . .     Gourm    .   c - +0 kite shield
rNeg     + + .     Faith    .   D - +1 gold dragon scales
rPois    +         Spirit   .   g - +2 helmet
rElec    .         Reflect  .   A - +0 cloak {rPois}
rCorr    .         Harm     .   Y - +2 pair of gloves
MR       +++++     Clarity  +   (no boots)
Stlth    ..........             B - amulet of the Four Winds {rN+ MR+++ Clar}
HPRegen  0.00/turn              J - ring "Xufferai" {rPois rF+++ rC- Str+5 Dex+3}
MPRegen  0.10/turn              F - ring of ice

@: non-regenerating, slowed, very slow
A: damage resistance, heal wounds, negative energy resistance 1, sense
surroundings 3, no regeneration
}: 3/15 runes: serpentine, barnacled, silver
a: Heal Wounds, Minor Destruction, Lesser Servant of Makhleb, Major Destruction,
Greater Servant of Makhleb, Renounce Religion


You were on level 1 of the Realm of Zot.
You worshipped Makhleb.
Makhleb was exalted by your worship.
You were not hungry.

You visited 8 branches of the dungeon, and saw 41 of its levels.
You visited 1 bazaar.
You also visited: Volcano.

You collected 2994 gold pieces.
You spent 635 gold pieces at shops.

Inventory:

Hand Weapons
 a - a +3 broad axe of flaming (weapon)
   (You took it off a vault warden on level 5 of the Vaults)
 x - a +4 broad axe
   (You bought it in a shop on level 11 of the Dungeon)
Missiles
 s - 2 throwing nets (quivered)
Armour
 c - a +0 kite shield (worn)
 g - a +2 helmet (worn)
   (You took it off Robin on level 4 of the Dungeon)
 y - the +7 plate armour of Bitterness {rC- Dex+3}
   (You found it on level 7 of the Dungeon)

   It affects your dexterity (+3).
   It makes you vulnerable to cold.
   If you switch to wearing this armour, your AC will increase by 2 (34 -> 36).
 A - a +0 cloak of poison resistance (worn)
   (You bought it in a shop in a bazaar)
 D - +1 gold dragon scales (worn)
   (You found it on level 5 of the Depths)
 N - +2 storm dragon scales {Bai Suzhen}
   (You found it on level 4 of the Snake Pit)
 Y - a +2 pair of gloves (worn)
   (You found it on level 3 of the Shoals)
Jewellery
 i - an uncursed ring of see invisible
   (You found it on level 5 of the Lair of Beasts)
 k - an uncursed ring of resist corrosion
   (You found it on level 4 of the Vaults)
 m - an uncursed ring of protection from magic
   (You found it on level 3 of the Dungeon)
 o - an uncursed ring of poison resistance
   (You found it on level 5 of the Dungeon)
 p - a +3 ring of protection
   (You found it on level 6 of the Dungeon)
 B - the amulet of the Four Winds (around neck) {rN+ MR+++ Clar}
   (You found it on level 9 of the Dungeon)

   [amulet of nothing]

   It protects you from negative energy.
   It affects your resistance to hostile enchantments.
   It protects you against confusion.
 F - a ring of ice (right hand)
   (You found it on level 9 of the Dungeon)
 G - an uncursed ring of positive energy
   (You found it on level 4 of the Lair of Beasts)
 J - the ring "Xufferai" (left hand) {rPois rF+++ rC- Str+5 Dex+3}
   (You found it on level 13 of the Dungeon)

   [ring of strength]

   It affects your strength (+5).
   It affects your dexterity (+3).
   It renders you almost immune to fire.
   It makes you vulnerable to cold.
   It protects you from poison.
 P - a +5 ring of strength
   (You found it on level 4 of the Lair of Beasts)
 U - a +1 ring of evasion {unknown}
   (You found it on level 5 of the Vaults)
Wands
 v - a wand of digging (13)
   (You found it on level 13 of the Dungeon)
 E - a wand of paralysis (11)
   (You found it on level 9 of the Dungeon)
 L - a wand of acid (8)
   (You found it on level 1 of the Lair of Beasts)
 M - a wand of enslavement (6)
   (You found it on level 2 of the Lair of Beasts)
 W - a wand of iceblast (3)
   (You found it on level 3 of the Vaults)
Scrolls
 r - 7 scrolls of identify
 t - 9 scrolls of teleportation
 z - a scroll of immolation
 H - 2 scrolls of fog
 I - 4 scrolls of summoning
 O - 16 scrolls of remove curse
 Q - 5 scrolls of magic mapping
 V - a scroll of fear
Potions
 b - a potion of invisibility
 d - a potion of might
 f - 5 potions of cancellation
 h - a potion of haste
 j - 5 potions of stabbing
 l - 4 potions of lignification
 n - 3 potions of resistance
 q - 6 potions of curing
 u - 2 potions of mutation
 w - 3 potions of heal wounds
 C - 3 potions of flight
 K - 6 potions of brilliance
 R - a potion of ambrosia
 S - 6 potions of degeneration
Comestibles
 e - 57 rations


   Skills:
 + Level 18.0 Fighting
 - Level 18.0 Axes
 + Level 20.8 Armour
 - Level 15.0 Shields
 - Level 15.0 Invocations


You had 18 spell levels left.
You didn't know any spells.
Your spell library was empty.

Dungeon Overview and Level Annotations

Branches:
Dungeon (15/15)            Temple (1/1) D:5            Lair (6/6) D:11
 Shoals (4/4) Lair:3        Snake (4/4) Lair:3        Slime (0/5) Lair:5
    Orc (0/2) D:9          Vaults (5/5) D:14         Depths (5/5) D:15
    Zot (1/5) Depths:5    Volcano (visited)
  Crypt: Vaults:2-3

Altars:
Ashenzari
Cheibriados
Dithmenos
Fedhas
Gozag
Hepliaklqana
Kikubaaqudgha
Makhleb
Nemelex Xobeh
Okawaru
Qazlal
Ru
Sif Muna
Trog
Uskayaw
Vehumet
Wu Jian
Xom
Yredelemnul
Zin
The Shining One
Jiyva

Shops:
D:11 *   Snake:4 ?   Vaults:2 [

Portals:
Hell: Depths:5
Abyss: Depths:5

Annotations:
D:11 3 runed translucent doors, Flugslaktarn's ghost, journeyman DDFi
Lair:1 2 transporters, Losufraq's ghost, journeyman FeEn
Lair:3 exclusion: 2 oklob plants, Qiclaph's ghost, journeyman MiBe
Shoals:3 exclusion: oklob plant


Innate Abilities, Weirdness & Mutations

You are resistant to damage.
You can heal yourself by infusing magical energy.
You resist negative energy. (rN+)
You passively map a large area around you.
You do not regenerate.


Message History

You feel much better. You block the death cob's attack. x2
The golden dragon bites you!!
* * * LOW HITPOINT WARNING * * *
The golden dragon barely misses you. x2; The death cob closely misses you.
The yellow draconian is engulfed in poison gas.
The yellow draconian is poisoned.
The golden dragon breathes poison at you.
The blast of poison engulfs you but does no damage.
You resist.
A demon appears!
It doesn't seem very happy.
The death cob hits you but does no damage.
You block the death cob's attack. x2; The golden dragon barely misses you.
You block the golden dragon's attack. The golden dragon barely misses you.
You block the death cob's attack.
A demon appears!
The death cob closely misses you. The death cob hits you!
* * * LOW HITPOINT WARNING * * *
The golden dragon breathes cold at you. The bolt of cold hits you!! You resist.
You die...

.................... , ,
.......................^ , ,
.........#......#......###*
.......................... , ,
.........................., ,
.............######.....## *,
,
.........#....°○##○.......,,,,
..............○○##2......., ,
.....$....○○@zd....... , , ,
..........○○☼D2..(.D.. ,, ,
...........○3........ ,
.####...###########.. , ,
#...# * * . * * * ,,,, #... *
, , ..... , ,, , ,,, ,, .....
,,,, , .... ,, , ,,


You could see a shadow dragon, a golden dragon, a yellow draconian, a death cob,
a balrug, a soul eater and a friendly balrug.

Vanquished Creatures
  Vashnia (Snake:3)
  A golden dragon (Depths:5)
  Nikola (Snake:3)
  A tentacled monstrosity (Vaults:5)
  A lich (Depths:1)
  A titan (Vaults:5)
  3 death cobs (Zot:1)
  Gastronok (D:11)
  A tengu reaver (Vaults:5)
  Kirke (D:13)
  3 shadow dragons (Vaults:5)
  A fire giant (Vaults:5)
  5 nagarajas
  2 frost giants
  3 vault wardens
  Aizul (Snake:3)
  A deep elf elementalist (Vaults:5)
  4 ironheart preservers
  4 very ugly things (Depths:5)
  2 war gargoyles (Depths:4)
  3 stone giants
  2 green draconians (Depths:5)
  2 draconian annihilators (Depths:5)
  2 entropy weavers
  A deep elf demonologist (Depths:5)
  Azrael (D:14)
  A deep elf annihilator (Vaults:5)
  2 vampire knights
  2 spark wasps (Depths:1)
  A white draconian (Depths:5)
  3 red draconians (Depths:5)
  9 ettins
  A blizzard demon (Depths:5)
  Snorg (D:11)
  3 fire dragons
  8 merfolk impalers
  A crystal guardian (Vaults:4)
  5 yaktaur captains
  4 merfolk javelineers
  19 vault guards
  2 great orbs of eyes (Depths:5)
  An ice dragon (Depths:1)
  2 hydras (Lair:6)
  A spriggan air mage (Depths:1)
  3 naga warriors (Snake:4)
  4 ogre magi
  A death knight (Vaults:2)
  4 centaur warriors
  Erica (D:8)
  6 anacondas
  A merfolk avatar (Shoals:1)
  5 merfolk aquamancers
  10 two-headed ogres
  3 deep troll earth magi
  3 satyrs (Shoals:3)
  4 death yaks (Lair:6)
  A tengu warrior (Depths:1)
  5 deep troll shamans
  3 shock serpents
  15 naga sharpshooters
  3 iron trolls (Depths:1)
  4 sun demons (Depths:5)
  3 sea snakes
  A flayed ghost (Depths:1)
  2 naga ritualists (Snake:1)
  An obsidian statue (Depths:5)
  2 wizards
  An unseen horror (shapeshifter) (D:14)
  13 deep trolls
  3 deep elf archers
  4 unseen horrors
  2 ironbrand convokers
  18 harpies
  3 lindwurms
  3 orc knights
  5 mana vipers
  7 deep elf magi
  2 necromancers
  2 phantasmal warriors
  2 wolf spiders
  A wolf spider zombie (D:14)
  4 manticores
  18 ugly things
  A manticore (shapeshifter) (Vaults:5)
  21 fauns
  A faun (shapeshifter) (Vaults:2)
  7 cyclopes
  A stone giant skeleton (Vaults:3)
  5 moths of wrath (Zot:1)
  4 salamanders
  A toenail golem (Volcano)
  16 elephants
  A centaur zombie (D:14)
  A guardian serpent (shapeshifter) (Depths:1)
  A human skeleton (Vaults:3)
  20 black mambas
  2 water nymphs
  9 vault sentinels
  7 merfolk sirens
  4 naga magi
  3 molten gargoyles (Volcano)
  13 yaktaurs
  22 spiny frogs
  A rime drake (Lair:3)
  3 orange demons (Depths:5)
  A yaktaur zombie (Vaults:3)
  10 komodo dragons
  An efreet (Volcano)
  An ice devil (Depths:5)
  A queen bee (D:9)
  A jumping spider (Vaults:2)
  3 trolls
  2 wind drakes (Shoals:2)
  5 tyrant leeches (Lair:6)
  A red devil (Depths:5)
  15 merfolk
  A hornet (D:11)
  21 slime creatures
  4 dream sheep (Lair:2)
  A hornet (shapeshifter) (Depths:1)
  11 snapping turtles
  A dream sheep (shapeshifter) (Vaults:5)
  12 blink frogs (Lair:6)
  11 hippogriffs
  5 shadows
  81 yaks
  2 tarantellas (Vaults:3)
  A tarantella (shapeshifter) (Vaults:2)
  2 wraiths
  2 redbacks (Vaults:3)
  2 yaks (shapeshifter)
  A vampire (D:11)
  2 fire elementals
  14 water elementals
  4 hungry ghosts
  3 wyverns
  4 hogs (D:13)
  A steam dragon (D:14)
  4 basilisks
  Grum (D:8)
  10 vampire mosquitoes
  An acid dragon (Vaults:1)
  4 hell hounds (D:14)
  30 nagas
  A floating eye (shapeshifter) (Depths:5)
  5 water moccasins
  10 porcupines
  2 ice beasts
  15 orc warriors
  A black bear (D:11)
  A necrophage (D:8)
  15 ogres
  16 wolves
  4 phantoms
  4 centaurs
  5 sky beasts
  11 crocodiles
  A big kobold (D:10)
  18 bullfrogs
  2 earth elementals (Volcano)
  A water moccasin zombie (D:6)
  2 scorpions
  33 killer bees
  4 electric eels
  A wight (D:9)
  9 howler monkeys
  16 crimson imps
  4 hounds
  4 bullfrog skeletons
  24 orc wizards
  5 jellies
  2 quasits
  2 gnoll shamans
  6 orc priests
  4 centaur skeletons
  5 iron imps (Depths:5)
  13 worker ants
  2 hell rats (Lair:3)
  3 polar bear simulacra (D:14)
  3 yak simulacra (D:14)
  2 wolf simulacra (D:14)
  A hound zombie (D:8)
  A hound skeleton (D:10)
  Robin (D:4)
  11 gnolls
  2 howler monkey skeletons
  11 adders
  8 river rats (Lair:3)
  6 shadow imps
  An ooze (D:4)
  3 adder skeletons
  An adder zombie (D:7)
  A worm (D:2)
  7 leopard geckos
  90 orcs
  4 bats (D:1)
  3 giant cockroaches
  7 goblins
  8 hobgoblins
  3 jackals (D:1)
  3 quokkas
  A ball python (D:2)
  3 frilled lizards
  8 kobolds
  A leopard gecko skeleton (D:4)
  A leopard gecko zombie (D:5)
  A rat (D:2)
  3 river rat simulacra (D:14)
  A crawling corpse (Vaults:5)
  9 fungi
  23 plants
1188 creatures vanquished.

Vanquished Creatures (collateral kills)
  Bai Suzhen (Snake:4)
  2 golden dragons (Depths:5)
  Rupert (D:13)
  A shadow dragon (Depths:5)
  5 nagarajas
  A merfolk impaler (Shoals:3)
  4 naga warriors
  2 hydras
  An anaconda (Snake:4)
  A naga sharpshooter (Snake:4)
  A shock serpent (Snake:4)
  2 salamander mystics
  2 salamanders (Snake:4)
  2 fauns (Shoals:3)
  A black mamba (Snake:4)
  A guardian serpent (Snake:4)
  3 naga magi (Snake:4)
  A rime drake (Lair:6)
  7 nagas
  A bullfrog (Lair:6)
  A plant (Lair:6)
41 creatures vanquished.

Vanquished Creatures (others)
  A frost giant (Depths:1)
  A stone giant (Depths:2)
  A deep troll (Depths:1)
  A salamander (Snake:3)
  A ball lightning (Depths:4)
  11 fungi
  59 plants
75 creatures vanquished.

Grand Total: 1304 creatures vanquished

Notes
Turn   | Place    | Note
-------+----------+-------------------------------------------
     0 | D:1      | Flugslaktarn the Deep Dwarf Fighter began the quest for the
                  | Orb.
     0 | D:1      | Reached XP level 1. HP: 20/20 MP: 1/1
   115 | D:2      | Reached XP level 2. HP: 22/27 MP: 2/2
   210 | D:2      | Reached XP level 3. HP: 17/34 MP: 3/3
   376 | D:3      | Found a bloodstained altar of Trog.
   376 | D:3      | Found a shimmering altar of Xom.
   383 | D:3      | Reached XP level 4. HP: 25/42 MP: 4/4
   390 | D:3      | Reached skill level 4 in Armour
   390 | D:3      | Reached XP level 5. HP: 27/49 MP: 5/5
   687 | D:4      | Reached XP level 6. HP: 14/56 MP: 6/6
   906 | D:4      | Noticed Robin
   914 | D:4      | Killed Robin
  1016 | D:4      | Reached skill level 5 in Axes
  1452 | D:5      | Entered Level 5 of the Dungeon
  1496 | D:5      | Noticed a sky beast
  1497 | D:5      | Noticed a sky beast
  1513 | D:5      | Killed a sky beast
  1513 | D:5      | Reached XP level 7. HP: 38/64 MP: 7/7
  1531 | D:5      | Reached skill level 5 in Armour
  1531 | D:5      | Reached skill level 5 in Shields
  1586 | D:5      | Found a shattered altar of Ashenzari.
  1895 | D:5      | Reached XP level 8. HP: 48/73 MP: 5/5
  2019 | D:5      | Found a staircase to the Ecumenical Temple.
  2062 | D:5      | Found a burning altar of Makhleb.
  2307 | Temple   | Entered the Ecumenical Temple
  2598 | D:5      | Became a worshipper of Makhleb the Destroyer
  2610 | D:5      | Identified a scroll of acquirement
  2707 | D:6      | Reached skill level 1 in Invocations
  2872 | D:6      | Reached skill level 6 in Armour
  2958 | D:6      | Reached skill level 5 in Fighting
  2968 | D:6      | Reached * piety under Makhleb
  3072 | D:6      | Found an ornate altar of the Wu Jian Council.
  3131 | D:6      | Found a burning altar of Makhleb.
  3258 | D:7      | Noticed a hippogriff
  3268 | D:7      | Killed a hippogriff
  3268 | D:7      | Gained mutation: You passively map the area around you.
                  | [Deep Dwarf growth]
  3268 | D:7      | Reached XP level 9. HP: 51/81 MP: 8/8
  3353 | D:7      | Reached skill level 7 in Armour
  3380 | D:7      | Reached skill level 5 in Invocations
  3445 | D:7      | Reached ** piety under Makhleb
  3554 | D:7      | Got a transparent plate armour
  3565 | D:7      | Identified the +7 plate armour of Bitterness {rC- Dex+3}
                  | (You found it on level 7 of the Dungeon)
  3592 | D:7      | Found a stormy altar of Qazlal.
  3664 | D:7      | Found a snail-covered altar of Cheibriados.
  3797 | D:8      | Reached XP level 10. HP: 89/91 MP: 9/9
  3860 | D:8      | Reached skill level 10 in Axes
  3969 | D:8      | Noticed Grum
  3990 | D:8      | Killed Grum
  3998 | D:8      | Found an opulent altar of Gozag.
  4087 | D:8      | Found an ancient bone altar of Kikubaaqudgha.
  4088 | D:8      | Found a sparkling altar of Nemelex Xobeh.
  4096 | D:8      | Reached skill level 8 in Armour
  4168 | D:8      | Found a glowing golden altar of the Shining One.
  4330 | D:8      | Reached *** piety under Makhleb
  4362 | D:8      | Noticed Erica
  4387 | D:8      | Killed Erica
  4387 | D:8      | Reached skill level 10 in Shields
  4580 | D:9      | Found the amulet of the Four Winds {rN+ MR+++ Clar}
  4653 | D:9      | Killed an unseen horror
  4653 | D:9      | Reached XP level 11. HP: 80/100 MP: 10/10
  4772 | D:9      | Found a staircase to the Orcish Mines.
  4816 | D:9      | Reached **** piety under Makhleb
  4979 | D:9      | Noticed a two-headed ogre
  5002 | D:9      | Killed a two-headed ogre
  5005 | D:9      | Reached skill level 9 in Armour
  5412 | D:10     | Entered Level 10 of the Dungeon
  5506 | D:10     | Reached ***** piety under Makhleb
  6286 | D:11     | Found Hyne's Mayhem Merchandise.
  6300 | D:11     | Noticed Gastronok
  6333 | D:11     | Killed Gastronok
  6371 | D:11     | Found a staircase to the Lair.
  6393 | D:11     | Reached XP level 12. HP: 110/110 MP: 12/12
  6437 | D:11     | Noticed Snorg
  6468 | D:11     | Noticed a two-headed ogre
  6479 | D:11     | Killed Snorg
  6487 | D:11     | Killed a two-headed ogre
  6487 | D:11     | Reached skill level 10 in Armour
  6544 | D:11     | Bought a +0 broad axe for 64 gold pieces
  6854 | D:11     | Identified the +3 dagger "Pofuimoa" {vorpal, +Inv rElec
                  | Dex+4}
  6856 | D:11     | Found a runed translucent gate.
  6856 | D:11     | Found a runed translucent gate.
  6856 | D:11     | Found a runed translucent gate.
  6856 | D:11     | Noticed Flugslaktarn's ghost (journeyman DDFi)
  6857 | D:11     | Identified the +9 short sword of the Vaults {venom, *Slow
                  | rF+ Str+4}
  7039 | Lair:1   | Entered Level 1 of the Lair of Beasts
  7065 | Lair:1   | Found a transporter.
  7069 | Lair:1   | Found a transporter.
  7069 | Lair:1   | Noticed Losufraq's ghost (journeyman FeEn)
  7123 | Lair:1   | Reached skill level 10 in Invocations
  7379 | Lair:1   | Noticed a four-headed hydra
  7397 | Lair:1   | Killed a ten-headed hydra
  8829 | Lair:3   | Reached XP level 13. HP: 121/121 MP: 15/15
  8886 | Lair:3   | Reached ****** piety under Makhleb
  8949 | Lair:3   | Found a staircase to the Snake Pit.
  9291 | Lair:3   | Found a staircase to the Shoals.
  9421 | Lair:3   | Reached skill level 11 in Armour
 10049 | Lair:4   | Found a runed translucent door.
 10049 | Lair:4   | Noticed Qiclaph's ghost (journeyman MiBe)
 10929 | Lair:5   | Found a dark tunnel.
 10936 | Volcano  | Entered a volcano
 11480 | Lair:5   | Found a viscous altar of Jiyva.
 11480 | Lair:5   | Found a staircase to the Slime Pits.
 11519 | Lair:6   | Entered Level 6 of the Lair of Beasts
 11557 | Lair:6   | Reached skill level 15 in Axes
 11693 | Lair:6   | Gained mutation: You resist negative energy. (rN+) [Deep
                  | Dwarf growth]
 11693 | Lair:6   | Reached XP level 14. HP: 130/130 MP: 15/15
 11811 | Lair:6   | Reached skill level 10 in Fighting
 12296 | Lair:6   | Reached skill level 12 in Armour
 13090 | Snake:1  | Entered Level 1 of the Snake Pit
 13184 | Snake:1  | Reached skill level 15 in Shields
 13437 | Snake:2  | Reached XP level 15. HP: 86/140 MP: 16/16
 13542 | Snake:3  | Noticed Nikola
 13557 | Snake:3  | Noticed Vashnia
 13569 | Snake:3  | Killed Nikola
 13627 | Snake:3  | Killed Vashnia
 13648 | Snake:3  | Noticed Aizul
 13670 | Snake:3  | Killed Aizul
 13670 | Snake:3  | Reached skill level 13 in Armour
 13677 | Snake:3  | Noticed a nagaraja
 13699 | Snake:3  | Killed a nagaraja
 13701 | Snake:3  | Noticed a nagaraja
 13727 | Snake:3  | Killed a nagaraja
 13773 | Snake:4  | Entered Level 4 of the Snake Pit
 13774 | Snake:4  | Found Upomat's Magic Scroll Boutique.
 13814 | Snake:4  | Bought a scroll of teleportation for 39 gold pieces
 13814 | Snake:4  | Bought a scroll of blinking for 97 gold pieces
 13814 | Snake:4  | Bought a scroll of teleportation for 39 gold pieces
 13814 | Snake:4  | Bought a scroll of magic mapping for 45 gold pieces
 13814 | Snake:4  | Bought a scroll of summoning for 123 gold pieces
 13814 | Snake:4  | Bought a scroll of fog for 26 gold pieces
 13884 | Snake:4  | Noticed a nagaraja
 13901 | Snake:4  | Killed a nagaraja
 13949 | Snake:4  | Noticed a nagaraja
 13962 | Snake:4  | Killed a nagaraja
 13963 | Snake:4  | Noticed a nagaraja
 13968 | Snake:4  | Noticed a nagaraja
 13970 | Snake:4  | Killed a nagaraja
 13978 | Snake:4  | Killed a nagaraja
 13981 | Snake:4  | Noticed Bai Suzhen
 13992 | Snake:4  | Killed Bai Suzhen
 14000 | Snake:4  | Noticed a nagaraja
 14009 | Snake:4  | Noticed a nagaraja
 14016 | Snake:4  | Killed a nagaraja
 14030 | Snake:4  | Killed a nagaraja
 14032 | Snake:4  | Noticed a nagaraja
 14033 | Snake:4  | Reached XP level 16. HP: 111/151 MP: 13/13
 14111 | Snake:4  | Got a serpentine rune of Zot
 14394 | Shoals:1 | Entered Level 1 of the Shoals
 14452 | Shoals:1 | Reached skill level 15 in Invocations
 14458 | Shoals:1 | Reached skill level 14 in Armour
 15245 | Shoals:3 | Reached skill level 15 in Armour
 15277 | Shoals:3 | Got a twisted hand axe
 15280 | Shoals:3 | Identified the cursed +2 hand axe "Keotuth" {vamp, MR+
                  | Int+4} (You found it on level 3 of the Shoals)
 15746 | Shoals:3 | Found a glowing silver altar of Zin.
 15825 | Shoals:4 | Entered Level 4 of the Shoals
 15875 | Shoals:4 | Reached XP level 17. HP: 158/164 MP: 11/11
 15878 | Shoals:4 | Got a barnacled rune of Zot
 16270 | D:13     | Noticed Rupert
 16280 | D:13     | Killed Rupert
 16372 | D:13     | Reached skill level 16 in Armour
 16588 | D:13     | Noticed Kirke
 16617 | D:13     | Killed Kirke
 16742 | D:13     | Got a steaming wooden ring
 16878 | D:13     | Found a blossoming altar of Fedhas.
 16880 | D:13     | Identified the ring "Xufferai" {rPois rF+++ rC- Str+5
                  | Dex+3} (You found it on level 13 of the Dungeon)
 17039 | D:14     | Noticed Azrael
 17063 | D:14     | Killed Azrael
 17277 | D:14     | Found an ancient bone altar of Kikubaaqudgha.
 17576 | D:14     | Found a gate to the Vaults.
 17688 | Vaults:1 | Entered Level 1 of the Vaults
 17904 | Vaults:2 | Found Mieh's Armour Shop.
 18041 | Vaults:2 | Reached skill level 17 in Armour
 18444 | Vaults:2 | Reached skill level 15 in Fighting
 18637 | Vaults:3 | Gained mutation: You passively map a large area around you.
                  | [Deep Dwarf growth]
 18637 | Vaults:3 | Reached XP level 18. HP: 178/178 MP: 12/12
 18658 | Vaults:3 | Got a shimmering plate armour
 18679 | Vaults:3 | Identified the cursed +1 plate armour of Intercession
                  | {Dex+3} (You found it on level 3 of the Vaults)
 18885 | Vaults:4 | Reached skill level 18 in Armour
 18999 | Vaults:5 | Entered Level 5 of the Vaults
 19031 | Vaults:5 | Noticed a tentacled monstrosity
 19047 | Vaults:5 | Killed a tentacled monstrosity
 19079 | Vaults:5 | Got a silver rune of Zot
 19104 | Vaults:5 | Identified the Grimoire of Supportive Hexes
 19295 | Vaults:5 | Identified the amulet "Nasonina" {+Rage MR+}
 19313 | Vaults:5 | Reached skill level 19 in Armour
 19562 | D:15     | Entered Level 15 of the Dungeon
 19818 | D:15     | Found a staircase to the Depths.
 19830 | Depths:1 | Entered Level 1 of the Depths
 19986 | Depths:1 | Found a stormy altar of Qazlal.
 20006 | Depths:1 | Noticed a lich
 20026 | Depths:1 | Reached XP level 19. HP: 132/190 MP: 12/12
 20031 | Depths:1 | Killed a lich
 20300 | Depths:4 | Reached skill level 20 in Armour
 20309 | Depths:5 | Entered Level 5 of the Depths
 20309 | Depths:5 | Found a one-way gate to the infinite horrors of the Abyss.
 20412 | Depths:5 | Found a flickering gateway to a bazaar.
 20454 | Bazaar   | Entered a bazaar
 20468 | Bazaar   | Found Souzet's Jewellery Shoppe.
 20483 | Bazaar   | Found Muril's Book Shoppe.
 20483 | Bazaar   | Found Riliel's Antique Armour Emporium.
 20493 | Bazaar   | Bought a glowing cloak for 202 gold pieces
 20704 | Depths:5 | Found a gateway to Hell.
 21031 | Depths:5 | Found a gate to the Realm of Zot.
 21031 | Depths:5 | Noticed a golden dragon
 21031 | Depths:5 | Noticed a golden dragon
 21031 | Depths:5 | Noticed a golden dragon
 21054 | Depths:5 | Killed a golden dragon
 21059 | Depths:5 | Killed a golden dragon
 21062 | Depths:5 | Killed a golden dragon
 21112 | Zot:1    | Entered Level 1 of the Realm of Zot
 21112 | Zot:1    | Noticed an ancient lich
 21112 | Zot:1    | Noticed a curse toe
 21117 | Zot:1    | Noticed a curse toe
 21134 | Zot:1    | HP: 6/195 [death cob (14)]
 21337 | Zot:1    | Noticed a golden dragon
 21356 | Zot:1    | Killed from afar by a golden dragon

Levels and vault maps discovered:
D:1:      dpeg_arrival_connections, layout_basic, minivault_19,
          corexii_hall_statues_s
D:2:      layout_rooms, st_stairs_9, uniq_terence
D:3:      layout_loops_ring, chequers_temple_overflow_statue_of_worship,
          old_standard_altar, chequers_ecumenical_altar_simple, elyvilon_altar_3
D:4:      minmay_opposing_rooms, layout_cave_pods, first_ration,
          kennysheep_donut, st_stairs_3, hex_tiny, minmay_box_of_dots,
          uniq_robin
D:5:      layout_cave_pods, kennysheep_mini_moat, lemuel_round_altar,
          minmay_temple_entry_statues
D:6:      layout_rooms, old_standard_altar, basic_altar
D:7:      layout_cave_pools, nicolae_qazlal_style_of_elements,
          cheibriados_altar_1
D:8:      layout_cave_pools, nicolae_gozag_seed_capital,
          overflow_temple_1_default, gammafunk_temple_overflow_pools,
          hangedman_abyss_or_decor_lesser_grid, uniq_erica, uniq_grum
D:9:      minmay_cut_squares, layout_basic, hiddenorc2_lemuel, david_nohive_1
D:10:     layout_stronghold
D:11:     layout_rooms, due_lair_maze_entry_diamond,
          gammafunk_ghost_nasty_kobolds, minmay_shop_mayhem, uniq_snorg,
          uniq_gastronok
D:12:     layout_irregular_city, portal_ice_cave_entry_imps, uniq_psyche
D:13:     layout_gridville, minmay_strange_pillars, minivault_10,
          minmay_misc_feat_x, fedhas_altar_2, uniq_kirke, uniq_rupert
D:14:     layout_rooms, david_vaults_5, special_room [special_room_orc],
          chequers_jeans, basic_altar, eino_house_with_fridge, uniq_azrael
D:15:     grunt_enter_depths_snipers, layout_irregular_city,
          chequers_serial_rivers_room_b, nrook_mini_vaults,
          minmay_misc_feat_roman
Temple:   nicolae_temple_figure_zero
Lair:1:   layout_chaotic_city, gammafunk_ghost_hive
Lair:2:   statuecave_lemuel, layout_layer_cave, minmay_holes
Lair:3:   layout_chaotic_city, minmay_shoals_entry_hut,
          minmay_snake_entry_guardpost_medium, kennysheep_rathole,
          serial_bayou_shore_a, minmay_lair_oklob_chamber
Lair:4:   dpeg_oklob_shooting_range, layout_loops_ring,
          hellmonk_ghost_happy_afterlife
Lair:5:   layout_roguey, dpeg_slime_entry_enclosed_altar,
          nicolae_volcano_entry_hallway, grunt_megastairs_4
Lair:6:   minmay_lair_end_frog_pond, layout_cave_pods,
          nicolae_quartered_pool_little, serial_bayou_lake_a
Shoals:1: layout_shoals, gammafunk_ghost_berserking_beasts, serial_shops,
          nicolae_shop_crystal
Shoals:2: layout_shoals
Shoals:3: nicolae_shoals_island_circles, layout_shoals,
          gammafunk_ghost_tricky_traps, lemuel_oklob_altar
Shoals:4: shoals_end_simple, layout_shoals, serial_shops, shop,
          nicolae_shoals_isolated_beach, uniq_polyphemus
Snake:1:  layout_honeycomb
Snake:2:  layout_rooms, drop_trap
Snake:3:  layout_gridlike, uniq_aizul, uniq_vashnia, uniq_nikola
Snake:4:  minmay_snake_end_coiled, layout_cave_town, serial_shops, shop_coins,
          nrook_guardian_serpent_ordinary, uniq_bai_suzhen
Vaults:1: nicolae_vaults_yaktaur_gun_rack, ontoclasm_vaults_twist,
          nicolae_vaults_little_squares_5, vaults_mumra_lcd,
          hangedman_vaults_corner, hangedman_vaults_stretched_pinwheel,
          vaults_mumra_minichess_inversion, layout_vaults_omnigrid
Vaults:2: v_misc_17, grunt_vaults_focal, hangedman_vaults_slither, v_misc_10,
          nicolae_vaults_twisting_passages, nicolae_vaults_little_squares_1,
          v_misc_28, vaults_room_boxed, v_alt_pattern_5,
          nicolae_vaults_shelves_hall, minmay_crypt_entry_vampire_xt,
          ontoclasm_vaults_misaligned, ontoclasm_vaults_pinch,
          nicolae_vaults_shelves_hall, layout_vaults_maze, serial_shops,
          nicolae_shop_crystal
Vaults:3: ontoclasm_vaults_spin, vaults_dpeg_encased_lava,
          grunt_vaults_trifunnel, vaults_dpeg_ring, v_rooms_1,
          nicolae_vaults_sealed_display, nicolae_vaults_little_squares_1,
          vaults_dpeg_cross, layout_vaults_chaotic_city, serial_glass
Vaults:4: gammafunk_vaults_ghost_spectres, vaults_dpeg_doors, dpeg_vaults_waves,
          nicolae_vaults_rhombus_5, v_misc_17, nicolae_vaults_three_branches,
          v_misc_5, vaults_room_stairs_pillars, vaults_room_fours,
          vaults_room_pool, layout_vaults_omnicross
Vaults:5
Depths:1: layout_roguey, old_standard_altar, hell_entry, abandoned_shop,
          grunt_absolute_annihilation, uniq_mara
Depths:2: gammafunk_corrupted_shrine, layout_basic, abyss_entry,
          pf_hell_entry_tar_spiral, minmay_fountain_box
Depths:3: kennysheep_room_grid, layout_cave_pools, grunt_pan_entry_zigzag,
          hell_entry, bh_walls_and_bars
Depths:4: radiant_caverns_a_rkd, hell_entry, abyss_entry
Depths:5: grunt_crosshair, layout_basic, abyss_entry,
          grunt_hell_entry_demonic_statue, serial_shops, bzr_in_the_mist,
          uniq_mennas
Zot:1:    layout_misc_corridors, hangedman_snap_crack_crunch

Skill      XL: |  1  2  3  4  5  6  7  8  9 10 11 12 13 14 15 16 17 18 19 |
---------------+----------------------------------------------------------+-----
Fighting       | 3 4 5 6 7 8 9 10 11 13 15 16 18 | 18.0
Axes           | 3 4 5 6 8 9 11 12 13 15 16 17 18 | 18.0
Armour         | 4 5 6 7 8 9 10 11 12 13 15 17 19 20 | 20.8
Shields        | 4 5 7 9 10 12 13 14 15 | 15.0
Invocations    | 3 5 7 9 10 11 13 14 15 | 15.0

Action                   |  1- 3 |  4- 6 |  7- 9 | 10-12 | 13-15 | 16-18 | 19-21 || total
-------------------------+-------+-------+-------+-------+-------+-------+-------++-------
Melee: War axe           |   107 |   121 |   333 |   265 |       |       |       ||   826
       Hand axe          |       |       |       |   627 |   920 |       |       ||  1547
       Broad axe         |       |       |       |       |   439 |  1666 |   442 ||  2547
Invok: Lesser Servant of |       |       |       |     2 |     6 |     4 |       ||    12
       Greater Servant o |       |       |       |       |     7 |     1 |     4 ||    12
 Abil: Heal Wounds       |     1 |     5 |    16 |     8 |    43 |    16 |    21 ||   110
Evoke: Wand              |       |       |       |       |    11 |       |     1 ||    12
  Use: Scroll            |       |       |    12 |     8 |    14 |    14 |     3 ||    51
       Potion            |       |       |     1 |     1 |    10 |     7 |       ||    19
 Stab: Distracted        |       |       |       |       |     3 |     1 |     1 ||     5
       Invisible         |       |       |       |       |       |     2 |       ||     2
  Eat: Chunk             |       |     2 |    12 |    22 |    17 |    15 |     5 ||    73
       Ration            |       |       |       |       |     1 |     2 |       ||     3
Armor: Scale mail        |    47 |    82 |   170 |       |       |       |       ||   299
       Plate armour      |       |       |    37 |   524 |   612 |   877 |   298 ||  2348
       Gold dragon scale |       |       |       |       |       |       |    95 ||    95
Dodge: Dodged            |    39 |    40 |   150 |   161 |   281 |   385 |   154 ||  1210
Block: Kite shield       |    64 |    61 |   261 |   569 |   914 |  1170 |   402 ||  3441

Table legend:
 A = Non-vault XP
 B = Vault XP
 C = Vault XP percentage of total XP
 D = Non-vault monster count
 E = Vault monster count
 F = Vault count percentage of total count
                 A         B        C        D         E       F
            +---------+---------+-------+---------+---------+-------
      Total |  271923 |  197040 |  42.0 |     798 |     401 |  33.4
            +---------+---------+-------+---------+---------+-------
        D:1 |      12 |       0 |   0.0 |       7 |       0 |   0.0
        D:2 |      52 |       2 |   3.7 |      14 |       1 |   6.7
        D:3 |     148 |       0 |   0.0 |      10 |       0 |   0.0
        D:4 |     171 |     179 |  51.1 |      15 |      18 |  54.5
        D:5 |     900 |       0 |   0.0 |      23 |       0 |   0.0
        D:6 |    1171 |       0 |   0.0 |      25 |       0 |   0.0
        D:7 |    2531 |       0 |   0.0 |      38 |       0 |   0.0
        D:8 |    2395 |    1340 |  35.9 |      45 |       4 |   8.2
        D:9 |    2936 |    3407 |  53.7 |      14 |      54 |  79.4
       D:10 |    1858 |       0 |   0.0 |      34 |       0 |   0.0
       D:11 |    6799 |    4352 |  39.0 |      43 |       9 |  17.3
       D:12 |      42 |       0 |   0.0 |       1 |       0 |   0.0
       D:13 |    6257 |    5357 |  46.1 |      20 |       6 |  23.1
       D:14 |    5501 |    8659 |  61.2 |      19 |      52 |  73.2
       D:15 |    1518 |    1970 |  56.5 |       7 |       2 |  22.2
     Lair:1 |    4230 |       0 |   0.0 |      19 |       0 |   0.0
     Lair:2 |    5441 |       0 |   0.0 |      24 |       0 |   0.0
     Lair:3 |    6670 |    1081 |  13.9 |      31 |      15 |  32.6
     Lair:4 |    1431 |       0 |   0.0 |       9 |       0 |   0.0
     Lair:5 |    5326 |       0 |   0.0 |      17 |       0 |   0.0
     Lair:6 |   20814 |   11415 |  35.4 |      61 |      44 |  41.9
   Shoals:1 |    9408 |       0 |   0.0 |      20 |       0 |   0.0
   Shoals:2 |   15477 |       0 |   0.0 |      30 |       0 |   0.0
   Shoals:3 |   17770 |       0 |   0.0 |      37 |       0 |   0.0
   Shoals:4 |    1416 |   11010 |  88.6 |       4 |      13 |  76.5
    Snake:1 |   14362 |       0 |   0.0 |      24 |       0 |   0.0
    Snake:2 |    3796 |       0 |   0.0 |       5 |       0 |   0.0
    Snake:3 |   14163 |   11301 |  44.4 |      25 |       7 |  21.9
    Snake:4 |   11407 |   20871 |  64.7 |      22 |      39 |  63.9
   Vaults:1 |    2214 |       0 |   0.0 |       8 |       0 |   0.0
   Vaults:2 |    8332 |   26232 |  75.9 |      14 |      39 |  73.6
   Vaults:3 |   16578 |       0 |   0.0 |      33 |       0 |   0.0
   Vaults:4 |    8003 |       0 |   0.0 |       9 |       0 |   0.0
   Vaults:5 |    1580 |   45434 |  96.6 |       3 |      37 |  92.5
   Depths:1 |   37507 |    2830 |   7.0 |      48 |       1 |   2.0
   Depths:2 |    6508 |       0 |   0.0 |       7 |       0 |   0.0
   Depths:3 |    3011 |       0 |   0.0 |       8 |       0 |   0.0
   Depths:4 |       0 |    4277 | 100.0 |       0 |       8 | 100.0
   Depths:5 |   17275 |   31269 |  64.4 |      18 |      41 |  69.5
      Zot:1 |    6913 |    2360 |  25.5 |       7 |       1 |  12.5
    Volcano |       0 |    3694 | 100.0 |       0 |      10 | 100.0
            +---------+---------+-------+---------+---------+-------
